 Dungeon Crawl Stone Soup version 0.15.0-22-g71df38d (console) character file.

55 gw the Bolt Thrower (level 4, -2/26 HPs)
             Began as a Kobold Hunter on Sept 8, 2014.
             Slain by a gnoll (5 damage)
             ... on Level 2 of the Dungeon.
             The game lasted 00:00:39 (1817 turns).

gw the Bolt Thrower (Kobold Hunter)                 Turns: 1817, Time: 00:00:39

HP  -2/26        AC  3     Str 10      XL: 4   Next: 14%
MP   4/4         EV 14     Int  9      God:
Gold 0           SH  0     Dex 17      Spells:  0 memorised,  3 levels left

rFire  . . .     SeeInvis .     a - +0 short sword
rCold  . . .     Clarity  .     d - +0 leather armour
rNeg   . . .     rCorr    .     (no shield)
rPois  .         rRot     .     (no helmet)
rElec  .         Spirit   .     (no cloak)
SustAb +         Warding  .     (no gloves)
rMut   .         Stasis   .     (no boots)
Gourm  .                        (no amulet)
MR     .....                    (no ring)
                                e - ring of sustain abilities

@: not resistant to hostile enchantments, unstealthy
A: carnivore 3
a: no special abilities


You were on level 2 of the Dungeon.
You were full.

You visited 1 branch of the dungeon, and saw 2 of its levels.

Inventory:

Hand weapons
 a - a +0 short sword (weapon)
 b - a +1 hand crossbow
Missiles
 c - 9 bolts
Armour
 d - a +0 leather armour (worn)
Comestibles
 f - a meat ration
Scrolls
 g - a scroll of fog {unknown}
 h - a scroll of teleportation {unknown}
 i - a scroll of recharging {unknown}
Jewellery
 e - a ring of sustain abilities (left hand)


   Skills:
 + Level 1.7 Fighting
 + Level 1.5 Short Blades
 * Level 5.4 Crossbows
 + Level 3.6 Dodging
 - Level 1.3 Stealth


You had 3 spell levels left.
You didn't know any spells.

Dungeon Overview and Level Annotations

Branches:
Dungeon (2/15)

Altars:
Qazlal


Innate Abilities, Weirdness & Mutations

You are small and have problems with some larger weapons.
You are carnivorous and can eat meat at any time.


Message History

ATTACK MOVE TO (0,1)
You hit the gnoll but do no damage.
The gnoll is lightly wounded.
The gnoll hits you. x2
The gnoll closely misses you.
ATTACK MOVE TO (0,1)
You barely miss the gnoll.
The gnoll is lightly wounded.
The gnoll misses you. x2
The gnoll hits you but does no damage.
ATTACK MOVE TO (0,1)
You hit the gnoll.
The gnoll is moderately wounded.
The gnoll hits you. The gnoll barely misses you.
The gnoll hits you from afar with a spear.
ATTACK MOVE TO (0,1)
You hit the gnoll but do no damage.
The gnoll is moderately wounded.
The gnoll hits you. x2
You die...

.
#......#.#.##..#....
..#......#.#.# #.#
#.. #........#...#
.# #
#........)#...## ..
..#........#..## ##
...#...............
........).......###
##.#.....###..#># #
#....K# ##.....
#.......gg# ###..
..#####).g. # .
#(##(.. #.# #....
#.# #.. ... # ...
...


You could see 3 gnolls.

Table legend:
 A = Turns spent in this place as a percentage of turns spent in the entire game.
 B = Non-inter-level travel turns spent in this place as a percentage of non-inter-level travel turns spent in the entire game.
 C = Inter-level travel turns spent in this place as a percentage of turns spent in this place.
 D = Turns resting spent in this place as a percentage of non-inter-level travel turns spent in this place.
 E = Turns spent auto-exploring this place as a percentage of non-inter-level travel turns spent in this place.
 F = Non-inter-level travel turns spent in this place divided by the number of levels of this place that you've seen.
                   A       B       C       D       E      F
               +-------+-------+-------+-------+-------+----------------------
         Total | 100.0 | 100.0 |   0.3 |   7.7 |  18.7 | 163.0
       Dungeon | 100.0 | 100.0 |   0.3 |   7.7 |  18.7 | 163.0
               +-------+-------+-------+-------+-------+----------------------

Table legend:
 A = Kills in this place as a percentage of kills in entire the game.
 B = Kills by you in this place as a percentage of kills by you in the entire game.
 C = Kills by friends in this place as a percentage of kills by friends in the entire game.
 D = Other kills in this place as a percentage of other kills in the entire game.
 E = Experience gained in this place as a percentage of experience gained in the entire game.
 F = Experience gained in this place divided by the number of levels of this place that you have seen.
                   A       B       C       D       E      F
               +-------+-------+-------+-------+-------+----------------------
         Total | 100.0 | 100.0 |  -nan |  -nan | 100.0 |  39.5
       Dungeon | 100.0 | 100.0 |  -nan |  -nan | 100.0 |  39.5
               +-------+-------+-------+-------+-------+----------------------

Vanquished Creatures
  An adder (D:2)
  A gnoll (D:2)
  An ooze (D:1)
  4 bats (D:1)
  3 giant cockroaches (D:1)
  6 goblins
  3 hobgoblins (D:1)
  2 giant newts (D:1)
  9 kobolds
  4 rats (D:1)
34 creatures vanquished.

Notes
Turn   | Place    | Note
--------------------------------------------------------------
     0 | D:1      | gw, the Kobold Hunter, began the quest for the Orb.
     0 | D:1      | Reached XP level 1. HP: 12/12 MP: 1/1
   105 | D:1      | Reached XP level 2. HP: 16/16 MP: 2/2
   112 | D:1      | Reached skill level 1 in Short Blades
   284 | D:1      | Reached skill level 5 in Crossbows
   835 | D:1      | Reached XP level 3. HP: 8/20 MP: 3/3
  1510 | D:2      | Found a stormy altar of Qazlal.
  1775 | D:2      | Reached XP level 4. HP: 24/26 MP: 4/4
  1817 | D:2      | Slain by a gnoll

Action                   |  1- 3 |  4- 6 || total
-------------------------+-------+-------++-------
Melee: Short sword       |    52 |    11 ||    63
 Fire: Hand crossbow     |    36 |     3 ||    39
  Use: Scroll            |     3 |       ||     3
 Stab: Sleeping          |     2 |       ||     2
  Eat: Chunk             |     8 |       ||     8

Vault maps used:
D:1:      minmay_arrival_open_corners, hangedman_decor_diamond_cutter
D:2:      cheibriados_altar_1, lemuel_crystal_altar, first_bread
